 Dungeon Crawl Stone Soup version 0.31-a0-133-gaae73658be (webtiles) character file.

Game seed: 5220163996294690198

1940386 aesen the Conqueror (level 25, 231/231 HPs)
             Began as a Green Draconian Artificer on June 1, 2023.
             Was the Champion of Hepliaklqana.
             Escaped with the Orb
             ... and 3 runes on June 2, 2023!
             The game lasted 02:55:08 (49878 turns).

aesen the Conqueror (Green Draconian Artificer)    Turns: 49878, Time: 02:55:08

Health: 231/231    AC: 22    Str: 14    XL:     25   Next: 10%
Magic:  37/37      EV: 48    Int: 14    God:    Hepliaklqana [******]
Gold:   2645       SH:  0    Dex: 39    Spells: 22/24 levels left

rFire   + . .        a - +9 longbow (heavy)
rCold   + . .        (shield currently unavailable)
rNeg    + . .        (body armour unavailable)
rPois   +            R - -2 hat of the Alchemist {rElec rPois rF+ rC+ rN+ Will+ rMut rCorr}
rElec   +            e - +5 cloak of Darkness {Dex+5}
rCorr   +            d - +2 pair of gloves
SInv    +            f - +2 pair of boots
Will    +++..        g - amulet of regeneration
Stlth   ++           V - ring "Zoacaqua" {Will+ Dex+6 SInv}
HPRegen 1.38/turn    B - +6 ring of dexterity
MPRegen 0.25/turn

%: resist mutation
@: studying Unarmed Combat
A: reduced essence, breathe noxious fumes, AC +12, unfitting armour, stinger 1,
poison resistance, cold-blooded, thin skeletal structure 1, weak 1
0: Orb of Zot
}: 3/15 runes: serpentine, barnacled, silver
a: Breathe Noxious Fumes, Renounce Religion, Recall Ancestor, Ancestor Identity,
Transference, Idealise


You escaped.
You worshipped Hepliaklqana.
Hepliaklqana was exalted by your worship.
You visited 11 branches of the dungeon, and saw 50 of its levels.
You visited the Abyss 1 time.
You also visited: Gauntlet, Ice Cave and Wizlab.

You collected 5978 gold pieces.
You spent 3333 gold pieces at shops.

Inventory:

Hand Weapons
 a - a +9 heavy longbow (weapon)
 b - the +8 longbow "Killer Klown's Peril" {drain, rPois rC+++ Int+3 Stlth-}
   (You acquired it on level 3 of the Lair of Beasts)

   Int:       It affects your intelligence (+3).
   rC:        It renders you almost immune to cold.
   rPois:     It protects you from poison.
   Stlth:     It makes you less stealthy.
 Q - the +11 hand axe "Ynemp" {antimagic, rElec rF+ rC++ Will+}
   (You found it on level 11 of the Dungeon)

   rF:        It protects you from fire.
   rC:        It greatly protects you from cold.
   rElec:     It insulates you from electricity.
   Will:      It increases your willpower.
Missiles
 s - 35 poisoned darts
 G - 5 throwing nets
 O - 4 curare-tipped darts
Armour
 d - a +2 pair of gloves (worn)
 e - the +5 cloak of Darkness (worn) {Dex+5}
   (You acquired it on level 3 of the Lair of Beasts)

   Dex:       It affects your dexterity (+5).
 f - a +2 pair of boots (worn)
 R - the -2 hat of the Alchemist (worn) {rElec rPois rF+ rC+ rN+ Will+ rMut rCorr}
   (You found it on level 4 of the Vaults)

   rF:        It protects you from fire.
   rC:        It protects you from cold.
   rElec:     It insulates you from electricity.
   rPois:     It protects you from poison.
   rN:        It protects you from negative energy.
   rCorr:     It protects you from acid and corrosion.
   rMut:      It protects you from mutation.
   Will:      It increases your willpower.
Jewellery
 g - an amulet of regeneration (around neck)
 i - a ring of resist corrosion
 z - a ring of flight
 B - a +6 ring of dexterity (right hand)
 H - the ring of Mizxes {rF+ Int+2 Dex+2}
   (You found it on level 3 of the Elven Halls)

   [ring of protection from fire]

   Int:       It affects your intelligence (+2).
   Dex:       It affects your dexterity (+2).
   rF:        It protects you from fire.
 N - the ring "Cuqaid" {rN+ MP+9 SInv}
   (You found it on level 3 of the Elven Halls)

   [ring of positive energy]

   rN:        It protects you from negative energy.
   MP:        It affects your magic capacity (+9).
   SInv:      It lets you see invisible.
 V - the ring "Zoacaqua" (left hand) {Will+ Dex+6 SInv}
   (You found it on level 3 of the Elven Halls)

   [ring of dexterity]

   Dex:       It affects your dexterity (+6).
   SInv:      It lets you see invisible.
   Will:      It increases your willpower.
Wands
 c - a wand of charming (4)
 l - a wand of flame (59)
 t - a wand of paralysis (57)
 u - a wand of acid (14)
 I - a wand of polymorph (15)
 M - a wand of mindburst (55)
 S - a wand of iceblast (65)
 Y - a wand of digging (6)
Scrolls
 h - 4 scrolls of fear
 k - 10 scrolls of poison
 m - 5 scrolls of blinking
 q - 3 scrolls of torment
 v - 5 scrolls of vulnerability
 w - 2 scrolls of enchant weapon
 y - 5 scrolls of silence
 E - 15 scrolls of teleportation
 K - 9 scrolls of immolation
 L - 3 scrolls of butterflies
 W - 8 scrolls of fog
Potions
 j - 7 potions of haste
 n - 4 potions of magic
 o - 8 potions of attraction
 p - 19 potions of curing
 r - 5 potions of ambrosia
 x - 15 potions of heal wounds
 A - 7 potions of enlightenment
 C - 9 potions of cancellation
 D - 7 potions of lignification
 J - 3 potions of mutation
 P - 5 potions of resistance
 Z - 3 potions of invisibility
Miscellaneous
 T - a condenser vane
 U - a phantom mirror
 X - a lightning rod (4/4)


   Skills:
 O Level 27 Fighting
 - Level 2.0 Short Blades
 - Level 23.0 Ranged Weapons
 - Level 2.0 Throwing
 + Level 23.7 Dodging
 - Level 2.0 Stealth
 - Level 20.0 Invocations
 - Level 16.0 Evocations


You had 22 spell levels left.
You knew the following spells:

 Your Spells              Type           Power      Damage    Failure   Level
a - Passwall              Tmut/Erth      0%         N/A       41%         2

Your spell library contained the following spells:

 Spells                   Type           Power      Damage    Failure   Level
 Beastly Appendage        Tmut           0%         N/A       28%         1
 Foxfire                  Conj/Fire      0%         2x1d4     28%         1
 Freeze                   Ice            0%         1d3       28%         1
 Kiss of Death            Conj/Necr      0%         2d5       28%         1
 Magic Dart               Conj           0%         1d3       28%         1
 Sandblast                Erth           0%         2d4       28%         1
 Shock                    Conj/Air       0%         1d3       28%         1
 Slow                     Hex            0%         N/A       28%         1
 Sting                    Tmut/Pois      0%         1d3       28%         1
 Blink                    Tloc           0%         N/A       41%         2
 Call Imp                 Summ           0%         N/A       41%         2
 Ensorcelled Hibernation  Hex/Ice        0%         N/A       41%         2
 Momentum Strike          Conj/Tloc      0%         3d8       41%         2
 Poisonous Vapours        Pois/Air       0%         N/A       41%         2
 Scorch                   Fire           0%         2d5       41%         2
 Searing Ray              Conj           0%         2d4       41%         2
 Static Discharge         Conj/Air       0%         2-2/arc   41%         2
 Sublimation of Blood     Necr           0%         N/A       41%         2
 Wereblood                Tmut           0%         N/A       41%         2
 Call Canine Familiar     Summ           0%         N/A       65%         3
 Confusing Touch          Hex            0%         N/A       65%         3
 Dazzling Flash           Conj/Hex       0%         N/A       65%         3
 Frozen Ramparts          Ice            0%         1d1       65%         3
 Gell's Gravitas          Tloc           0%         N/A       65%         3
 Hailstorm                Conj/Ice       0%         3d3       65%         3
 Inner Flame              Hex/Fire       0%         N/A       65%         3
 Mephitic Cloud           Conj/Pois/Air  0%         N/A       65%         3
 Ozocubu's Armour         Ice            0%         N/A       65%         3
 Portal Projectile        Hex/Tloc       0%         N/A       65%         3
 Spider Form              Tmut/Pois      0%         N/A       65%         3
 Stone Arrow              Conj/Erth      0%         3d7       65%         3
 Swiftness                Air            0%         N/A       65%         3
 Teleport Other           Tloc           0%         N/A       65%         3
 Tukima's Dance           Hex            0%         N/A       65%         3
 Vampiric Draining        Necr           0%         2d6       65%         3
 Vhi's Electric Charge    Tloc/Air       0%         N/A       65%         3
 Volatile Blastmotes      Fire/Tloc      0%         2d10      65%         3
 Airstrike                Air            0%         2d(0-16)  96%         4
 Animate Dead             Necr           0%         N/A       96%         4
 Dispel Undead            Necr           0%         3d6       96%         4
 Fulminant Prism          Conj/Hex       0%         3d5       96%         4
 Ice Form                 Ice/Tmut       0%         N/A       96%         4
 Iskenderun's Mystic Bla  Conj/Tloc      0%         2d3       96%         4
 Leda's Liquefaction      Hex/Erth       0%         N/A       96%         4
 Manifold Assault         Tloc           0%         N/A       96%         4
 Olgreb's Toxic Radiance  Pois           0%         N/A       96%         4
 Passage of Golubria      Tloc           0%         N/A       96%         4
 Petrify                  Tmut/Erth      0%         N/A       96%         4
 Sticky Flame             Conj/Fire      0%         2d3       96%         4
 Summon Ice Beast         Ice/Summ       0%         N/A       96%         4
 Summon Lightning Spire   Summ/Air       0%         N/A       96%         4
 Agony                    Necr           0%         N/A       100%        5
 Alistair's Intoxication  Tmut/Pois      0%         N/A       100%        5
 Blade Hands              Tmut           0%         N/A       100%        5
 Borgnjor's Vile Clutch   Necr/Erth      0%         N/A       100%        5
 Freezing Cloud           Conj/Ice/Air   0%         6-21      100%        5
 Irradiate                Conj/Tmut      0%         3d11      100%        5
 Metabolic Englaciation   Hex/Ice        0%         N/A       100%        5
 Silence                  Hex/Air        0%         N/A       100%        5
 Summon Forest            Summ/Tloc      0%         N/A       100%        5
 Summon Mana Viper        Hex/Summ       0%         N/A       100%        5
 Yara's Violent Unravell  Hex/Tmut       0%         3d3       100%        5
 Dispersal                Tloc           0%         N/A       100%        6
 Eringya's Noxious Bog    Tmut/Pois      0%         N/A       100%        6
 Simulacrum               Ice/Necr       0%         N/A       100%        6
 Starburst                Conj/Fire      0%         6d3       100%        6
 Summon Cactus Giant      Summ           0%         N/A       100%        6
 Dragon Form              Tmut           0%         N/A       100%        7
 Enfeeble                 Hex            0%         N/A       100%        7
 Haunt                    Necr/Summ      0%         N/A       100%        7
 Malign Gateway           Summ/Tloc      0%         N/A       100%        7
 Ozocubu's Refrigeration  Ice            0%         4d7       100%        7
 Storm Form               Tmut/Air       0%         N/A       100%        7
 Summon Hydra             Summ           0%         N/A       100%        7
 Disjunction              Tloc           0%         N/A       100%        8
 Infestation              Necr           0%         N/A       100%        8
 Lehudib's Crystal Spear  Conj/Erth      0%         10d2      100%        8
 Maxwell's Capacitive Co  Air            0%         ∞         100%        8
 Summon Horrible Things   Summ           0%         N/A       100%        8
 Chain Lightning          Conj/Air       0%         N/A       100%        9
 Dragon's Call            Summ           0%         N/A       100%        9
 Polar Vortex             Ice            0%         N/A       100%        9
 Animate Armour           Summ/Erth      Unusable   N/A       N/A         4

Dungeon Overview and Level Annotations

Branches:
Dungeon (15/15)            Temple (1/1) D:4            Lair (5/5) D:10
 Shoals (4/4) Lair:3        Snake (4/4) Lair:3        Slime (2/5) Lair:5
    Orc (2/2) D:12            Elf (3/3) Orc:2        Vaults (5/5) D:13
  Crypt (0/3) Vaults:3     Depths (4/4) D:15            Zot (5/5) Depths:4
  IceCv (visited)          WizLab (visited)         Gauntlet (visited)

Altars:
Ashenzari
Cheibriados
Dithmenos
Elyvilon
Fedhas
Gozag
Hepliaklqana
Kikubaaqudgha
Makhleb
Nemelex Xobeh
Okawaru
Qazlal
Ru
Sif Muna
Trog
Uskayaw
Vehumet
Wu Jian
Xom
Yredelemnul
Zin
The Shining One
Jiyva
Lugonu

Shops:
D:3 ![?   D:15 (   Orc:2 =?[:(   Vaults:2 (   Vaults:3 *   Vaults:4 (

Portals:
Hell: Depths:1 Depths:2 Depths:3 Depths:4
Abyss: Depths:1 Depths:2 Depths:3 Depths:4
Pandemonium: Depths:2
Ziggurat: Depths:3

Annotations:
D:7 exclusion: oklob plant
D:13 1 transporter
D:15 3 runed translucent doors, Reshi88's ghost, journeyman SpEn
Lair:4 3 runed translucent doors, Zeopreu's ghost, journeyman DsGl
Lair:5 exclusion: obsidian statue
Slime:2 exclusion: upstairs
Zot:1 exclusions: 2 downstairs and 1 more exclusion
Zot:4 1 exclusion
Zot:5 1 exclusion


Innate Abilities, Weirdness & Mutations

Your life essence is reduced to manifest your ancestor. (-10% HP)
You can breathe blasts of noxious fumes.
Your lurid green scales are hard. (AC +12)
You cannot fit into any form of body armour.
Your tail ends in a venomous barb.
Your system is resistant to poisons. (rPois)
You are cold-blooded and may be slowed by cold attacks.
You have a somewhat thin skeletal structure. (Dex +2, Stealth+)
You are weak. (Str -2)


Message History

(D) Dungeon (T) Temple (L) Lair (A) Shoals (P) Snake Pit (M) Slime Pits (O) Orcish Mines (E) Elven Halls (V) Vaults (C) Crypt (U) Depths (H) Hell (Z) Zot
Where to? (Enter - D:1 @ (x,y), ? - help) HP restored.
An Orb Guardian comes into view.
Danger!
You shoot an arrow. The arrow hits the Orb Guardian!!!!
The Orb Guardian is almost dead.
You shoot an arrow. The arrow hits the Orb Guardian!
You kill the Orb Guardian!
No target in view!
No target in view!
(D) Dungeon (T) Temple (L) Lair (A) Shoals (P) Snake Pit (M) Slime Pits (O) Orcish Mines (E) Elven Halls (V) Vaults (C) Crypt (U) Depths (H) Hell (Z) Zot
Where to? (Enter - D:1 @ (x,y), ? - help)
A Hell Sentinel comes into view.
Danger!
You shoot an arrow. The arrow hits the Hell Sentinel!
The Hell Sentinel is lightly wounded.
You shoot an arrow. The arrow hits the Hell Sentinel!!
The Hell Sentinel is moderately wounded.
Qinisela is recalled.
You shoot an arrow. The arrow hits the Hell Sentinel!!
The Hell Sentinel is heavily wounded.
You shoot an arrow. The arrow hits the Hell Sentinel!!!!
You kill the Hell Sentinel!
(D) Dungeon (T) Temple (L) Lair (A) Shoals (P) Snake Pit (M) Slime Pits (O) Orcish Mines (E) Elven Halls (V) Vaults (C) Crypt (U) Depths (H) Hell (Z) Zot
Where to? (Enter - D:1 @ (x,y), ? - help) Magic restored.
There is an open gate here.
There is a staircase leading out of the dungeon here.
Unknown command.
You have escaped!

.......# ......##
......# .###..# .#
#..# .# #..#
######
.###..#######8.#.#
............#'#..#
.....######..'#.@#
.##### ###R#R.# ##
#8.#.# ######


You could see the friendly Qinisela the knight (reflecting).

Vanquished Creatures
  3 dread liches
  Mara (Snake:4)
  6 orbs of fire (Zot:5)
  3 juggernauts
  A Killer Klown (Zot:5)
  Frederick (Vaults:5)
  2 curse toes (Zot:5)
  2 golden dragons
  An electric golem (Zot:5)
  15 tentacled monstrosities
  20 Orb Guardians
  A Hell Sentinel (D:1)
  Asterion (Snake:1)
  A lich (Depths:1)
  3 quicksilver dragons
  2 walking frostbound tomes
  2 sphinxes
  3 deep elf master archers (Elf:3)
  3 titans (Vaults:5)
  2 acid blobs
  5 deep elf blademasters (Elf:3)
  2 tentacled starspawn (Abyss:3)
  5 death cobs
  4 tengu reavers (Vaults:5)
  10 shadow dragons
  4 storm dragons
  Kirke (D:15)
  Agnes (D:15)
  A nagaraja (Snake:4)
  A draconian knight (Zot:2)
  A rockslime (Slime:1)
  Ilsuiw (Shoals:3)
  An emperor scorpion (Zot:2)
  2 draconian monks
  10 frost giants
  5 fire giants
  5 deep elf sorcerers
  2 iron dragons
  2 ghost moths
  A draconian scorcher (Depths:4)
  3 deep elf elementalists (Elf:3)
  15 vault wardens
  16 ironbound preservers
  A cacodemon (Depths:2)
  2 quicksilver oozes
  2 spriggan defenders
  A draconian stormcaller (Zot:5)
  5 war gargoyles
  7 ironbound thunderhulks
  2 formless jellyfish
  4 draconian annihilators
  13 stone giants
  The ghost of mopl the Jinx, a journeyman DEEn of Dithmenos (Shoals:1)
  A quicksilver ooze (shapeshifter) (Vaults:5)
  32 very ugly things
  4 vampire knights
  Azrael (D:15)
  2 deep elf demonologists
  8 deep elf annihilators
  6 green draconians
  7 yellow draconians
  8 black draconians
  8 red draconians
  A purple draconian (WizLab)
  9 white draconians
  13 dire elephants
  3 spark wasps
  6 crystal guardians
  An eidolon (Vaults:3)
  13 ettins
  8 merfolk javelineers
  6 merfolk impalers
  5 deep elf high priests
  6 deep elf death magi
  9 fire dragons
  6 great orbs of eyes
  13 yaktaur captains
  Fannar (D:11)
  4 rakshasas
  Harold (D:9)
  31 vault guards
  2 salamander tyrants
  2 ogre magi
  A hell beast (Zot:2)
  4 ice dragons
  4 centaur warriors
  4 hydras
  An anaconda (shapeshifter) (Vaults:5)
  8 peacekeepers
  9 ironbound frosthearts
  3 spriggan air magi
  2 alligator snapping turtles (Shoals:2)
  3 boulder beetles
  A merfolk aquamancer (Shoals:4)
  4 merfolk avatars
  10 anacondas
  A satyr (Shoals:4)
  7 tengu warriors
  13 two-headed ogres
  4 deep troll shamans
  A death knight (D:9)
  11 naga warriors
  2 thrashing horrors (Abyss:3)
  3 orc high priests
  5 spriggan berserkers
  14 dancing weapons
  6 deep troll earth magi
  A spectral dire elephant (Lair:5)
  12 naga sharpshooters
  8 shock serpents
  A wretched star (Abyss:3)
  A soul eater (Depths:2)
  8 deep elf knights
  Amaemon (Lair:1)
  11 hell knights
  8 iron trolls
  2 skysharks
  A titan skeleton (Vaults:5)
  31 deep trolls
  3 salamander mystics
  A death drake (shapeshifter) (Depths:1)
  A flayed ghost (Depths:1)
  6 glowing orange brains
  A spectral anaconda (Lair:5)
  5 sea snakes
  A shadow demon (Zot:5)
  6 wizards
  A swamp dragon (shapeshifter) (Elf:3)
  A bog body (Lair:3)
  2 naga ritualists
  10 ironbound convokers
  5 phantasmal warriors
  Pikel (D:7)
  4 orc knights
  An orange crystal statue (Vaults:1)
  7 necromancers
  9 deep elf archers
  13 harpies
  5 lindwurms
  27 deep elf pyromancers
  29 deep elf zephyrmancers
  5 mana vipers
  33 ugly things
  4 orc sorcerers (Orc:2)
  A fire giant zombie (Depths:1)
  A wolf spider (shapeshifter) (Vaults:5)
  A shining eye (Slime:1)
  7 cyclopes
  12 salamanders
  6 fauns
  A glowing shapeshifter (Vaults:5)
  A manticore (shapeshifter) (D:15)
  15 manticores
  A fire giant skeleton (Vaults:5)
  A human skeleton (Vaults:5)
  A guardian serpent (shapeshifter) (D:15)
  19 vault sentinels
  4 merfolk sirens
  7 moths of wrath
  4 water nymphs
  5 elephants
  5 guardian serpents
  28 black mambas
  A smoke demon (Depths:3)
  2 orange demons
  A rust devil (Depths:2)
  2 gargoyles (D:12)
  13 cane toads
  30 yaktaurs
  13 naga magi
  A kobold demonologist (D:10)
  9 komodo dragons
  2 rime drakes
  A rime drake (shapeshifter) (Elf:1)
  2 efreet (D:13)
  2 unseen horrors (D:12)
  4 tengu conjurers
  2 ice devils (Lair:3)
  A red devil (Depths:2)
  7 wind drakes
  A hellwing (Depths:2)
  24 merfolk
  A polar bear (Lair:5)
  Grinder (D:3)
  A polar bear (shapeshifter) (D:15)
  2 meliai (D:13)
  3 hornets
  A wolf spider simulacrum (D:13)
  A large abomination (D:12)
  6 blink frogs
  2 spectral elephants (Lair:5)
  13 dream sheep
  8 snapping turtles
  A jumping spider (shapeshifter) (Vaults:3)
  A flying skull (Vaults:3)
  47 slime creatures
  4 air elementals
  A culicivora (shapeshifter) (D:13)
  2 ynoxinuls
  An ettin skeleton (Vaults:5)
  A spriggan (Depths:1)
  24 water elementals
  Sigmund (D:4)
  3 hogs (D:15)
  22 yaks
  3 starcursed masses (Abyss:3)
  A vampire (D:10)
  A wraith (D:12)
  A human (shapeshifter) (Vaults:5)
  2 neqoxecs (Abyss:3)
  5 basilisks
  2 wyverns (Lair:4)
  5 fire elementals
  6 vampire mosquitoes
  A spriggan simulacrum (Depths:1)
  2 chaos spawn (Depths:2)
  An acid dragon (shapeshifter) (Vaults:5)
  A death yak simulacrum (Lair:3)
  38 nagas
  Edmund (D:6)
  An acid dragon (D:11)
  2 wargs (Orc:2)
  9 water moccasins
  A spectral cane toad (Lair:5)
  A floating eye (Depths:2)
  4 hell hounds
  18 orc warriors
  3 sky beasts
  An ice beast (D:5)
  9 wolves
  A black bear (D:5)
  15 ogres
  2 centaurs
  11 bullfrogs
  A kobold brigand (D:10)
  A gnoll sergeant (D:11)
  2 two-headed ogre simulacra (Lair:3)
  A cane toad simulacrum (Lair:5)
  5 earth elementals
  3 scorpions
  2 small abominations
  5 wights
  4 killer bees
  3 electric eels
  3 lava snakes (Snake:4)
  2 hounds
  5 jellies
  16 orc priests
  A sleepcap (D:8)
  Natasha (twice) (D:4)
  6 iguanas
  23 orc wizards
  2 wolf simulacra
  9 gnolls
  7 adders
  2 shadow imps
  3 white imps
  An ufetubus (D:5)
  A worm (D:2)
  6 dart slugs
  65 orcs
  5 bats
  14 endoplasms
  3 giant cockroaches
  3 goblins (D:1)
  10 hobgoblins
  2 jackals (D:1)
  15 kobolds
  4 quokkas
  8 ball pythons
  5 frilled lizards
  3 rats
  A lurking horror (Abyss:3)
  2 starspawn tentacles (Abyss:3)
1602 creatures vanquished.

Vanquished Creatures (collateral kills)
  2 dread liches
  A juggernaut (Depths:2)
  3 tentacled monstrosities
  A lich (Abyss:3)
  A walking frostbound tome (Depths:2)
  A titan (Depths:3)
  4 Orb Guardians (Zot:5)
  2 quicksilver dragons
  Frances (Snake:1)
  An acid blob (Lair:5)
  A tentacled starspawn (Abyss:3)
  A shadow dragon (Zot:3)
  A storm dragon (Zot:1)
  A nagaraja (Snake:4)
  An iron dragon (Depths:3)
  2 fire giants
  4 vault wardens
  A draconian shifter (Abyss:3)
  3 ironbound preservers
  A draconian stormcaller (Zot:2)
  5 very ugly things
  A vampire knight (Vaults:3)
  A war gargoyle (Vaults:5)
  A stone giant (Depths:3)
  2 green draconians
  A minotaur (Gauntlet)
  A dire elephant (Vaults:1)
  A deep elf annihilator (Elf:3)
  A purple draconian (Zot:2)
  2 spark wasps
  A red draconian (Zot:2)
  A yellow draconian (Depths:4)
  A merfolk javelineer (Shoals:4)
  4 ettins
  A merfolk impaler (Shoals:4)
  A yaktaur captain (Vaults:2)
  2 vault guards
  2 centaur warriors
  An ice dragon (Depths:2)
  A hydra (Lair:2)
  A merfolk aquamancer (Shoals:4)
  A dancing weapon (Elf:2)
  2 two-headed ogres
  A deep troll shaman (Depths:2)
  2 naga warriors (Snake:4)
  A deep troll earth mage (Depths:1)
  A hell hog (Abyss:3)
  A naga sharpshooter (Snake:4)
  4 hell knights
  A skyshark (Shoals:1)
  A salamander mystic (Snake:4)
  An iron troll (Depths:2)
  4 sea snakes
  5 deep trolls
  2 naga ritualists
  Lodul (D:14)
  A wizard (Vaults:3)
  3 harpies
  2 ironbound convokers
  A deep elf archer (Elf:2)
  A deep elf zephyrmancer (Elf:2)
  A lindwurm (Lair:3)
  A fire giant zombie (Depths:1)
  A faun (Shoals:2)
  A necromancer (Vaults:5)
  4 ugly things
  3 mana vipers
  2 manticores
  A will-o-the-wisp (Abyss:3)
  A salamander (Snake:4)
  2 vault sentinels
  A water nymph (Shoals:1)
  8 black mambas
  2 elephants
  An orange demon (Lair:1)
  A rime drake (Lair:3)
  Maggie (D:6)
  A cane toad (shapeshifter) (D:14)
  A cane toad (Lair:2)
  A kobold demonologist (D:12)
  5 yaktaurs
  A komodo dragon (Lair:1)
  A tengu conjurer (D:13)
  A freezing wraith (Lair:3)
  4 merfolk
  3 trolls
  A meliai (D:13)
  3 wind drakes
  2 dream sheep (Lair:4)
  An air elemental (Elf:3)
  10 slime creatures
  3 wyverns
  8 water elementals
  A wraith (D:6)
  A dire elephant simulacrum (Lair:5)
  A fire elemental (D:15)
  8 yaks
  A neqoxec (Abyss:3)
  A chaos spawn (Abyss:3)
  2 nagas
  4 water moccasins
  2 small abominations (Abyss:3)
  2 orc warriors
  A sky beast (D:7)
  A centaur (D:8)
  4 wolves
  2 ogres
  2 phantoms (D:5)
  A kobold brigand (D:7)
  5 bullfrogs
  A gnoll sergeant (D:6)
  2 scorpions
  2 wights
  2 killer bees (D:10)
  2 hounds (D:5)
  8 jellies
  An orc priest (Orc:2)
  Natasha (D:4)
  An iguana (D:5)
  7 orc wizards
  A spriggan simulacrum (IceCv)
  A gnoll (D:5)
  An adder (D:6)
  A white imp (D:5)
  2 ufetubi
  6 orcs
  5 endoplasms
  4 kobolds
  A butterfly (Lair:4)
266 creatures vanquished.

Vanquished Creatures (others)
  A deep elf master archer (Elf:3)
  A draconian monk (Zot:2)
  A vault warden (Vaults:2)
  A draconian annihilator (Zot:5)
  A deep elf elementalist (Elf:3)
  A stone giant (Depths:3)
  A very ugly thing (Zot:2)
  An ice dragon (Abyss:3)
  2 yaktaur captains
  A centaur warrior (Vaults:4)
  A merfolk aquamancer (Shoals:4)
  A shock serpent (Snake:1)
  A wizard (Vaults:1)
  A fire elemental (Elf:3)
  2 humans (D:15)
  41 knights
  2 ancestors
  A jackal (D:1)
  A rat (D:1)
  5 foxfires (Abyss:3)
  6 starspawn tentacles (Abyss:3)
73 creatures vanquished.

Grand Total: 1941 creatures vanquished

Notes
Turn   | Place    | Note
-------+----------+-------------------------------------------
     0 | D:1      | aesen the Draconian Artificer began the quest for the Orb.
     0 | D:1      | Reached XP level 1. HP: 16/16 MP: 1/1
    58 | D:1      | Reached skill level 2 in Fighting
    58 | D:1      | Reached XP level 2. HP: 25/25 MP: 2/2
   332 | D:1      | You fall into a shaft and drop 1 floor!
   418 | D:2      | Reached skill level 3 in Fighting
   431 | D:1      | Reached skill level 1 in Ranged Weapons
   431 | D:1      | Reached XP level 3. HP: 31/31 MP: 3/3
  1231 | D:2      | Reached XP level 4. HP: 38/38 MP: 4/4
  1365 | D:3      | Found a glowing silver altar of Zin.
  1493 | D:3      | Noticed Grinder
  1493 | D:3      | Paralysed by Grinder for 3 turns
  1533 | D:3      | Found Vuhuoc's Magic Scroll Shop.
  1665 | D:3      | Found a faded altar of an unknown god.
  1685 | D:3      | Found a hazy altar of Hepliaklqana.
  1693 | D:3      | Became a worshipper of Hepliaklqana the Forgotten
  1754 | D:3      | Found Fukac's Distillery.
  1762 | D:3      | Bought a potion of heal wounds for 55 gold pieces
  1762 | D:3      | Bought a potion of invisibility for 88 gold pieces
  1811 | D:3      | Found Voro Et Niv's Armour Emporium.
  2029 | D:3      | Reached XP level 5. HP: 37/45 MP: 5/5
  2239 | D:3      | Killed Grinder
  2240 | D:3      | Reached skill level 4 in Fighting
  2240 | D:3      | Reached skill level 1 in Short Blades
  2240 | D:3      | Reached skill level 1 in Throwing
  2240 | D:3      | Reached XP level 6. HP: 52/52 MP: 6/6
  2502 | D:3      | Found a faded altar of an unknown god.
  2507 | D:3      | Found a radiant altar of Vehumet.
  2661 | D:4      | Found a staircase to the Ecumenical Temple.
  2671 | Temple   | Entered the Ecumenical Temple
  2897 | D:4      | Noticed Sigmund
  2965 | D:4      | Killed Sigmund
  2966 | D:4      | Reached skill level 5 in Fighting
  2966 | D:4      | Your scales start taking on a lurid green colour.
  2966 | D:4      | Reached XP level 7. HP: 49/61 MP: 7/7
  2966 | D:4      | Gained mutation: Your system is resistant to poisons.
                  | (rPois) [Green Draconian growth]
  3030 | D:4      | Reached * piety under Hepliaklqana
  3043 | D:4      | Found an opulent altar of Gozag.
  3070 | D:4      | Noticed Natasha
  3082 | D:4      | Killed Natasha
  3094 | D:4      | Found an ancient bone altar of Kikubaaqudgha.
  3315 | D:4      | Reached skill level 5 in Ranged Weapons
  3457 | D:4      | Noticed Natasha
  3469 | D:4      | Killed Natasha
  3482 | D:4      | Noticed Natasha
  3492 | D:4      | Killed Natasha
  3629 | D:4      | Found a snail-covered altar of Cheibriados.
  3743 | D:4      | Found a sacrificial altar of Ru.
  3950 | D:3      | Bought a +0 pair of boots for 58 gold pieces
  3984 | D:5      | Entered Level 5 of the Dungeon
  4033 | D:4      | Reached XP level 8. HP: 49/61 MP: 8/8
  4189 | D:5      | Found a white marble altar of Elyvilon.
  4197 | D:5      | Reached ** piety under Hepliaklqana
  4198 | D:5      | Remembered your ancestor Qinisela as a knight
  4935 | D:5      | Upgraded the game from 0.31-a0-128-g25add195a6 to
                  | 0.31-a0-133-gaae73658be
  5064 | D:6      | Noticed Maggie
  5084 | D:6      | Killed Maggie
  5085 | D:6      | Reached skill level 5 in Dodging
  5085 | D:6      | Reached XP level 9. HP: 66/66 MP: 9/9
  5216 | D:6      | Noticed Edmund
  5782 | D:6      | Reached skill level 6 in Fighting
  5784 | D:6      | Reached *** piety under Hepliaklqana
  5808 | D:6      | Reached skill level 1 in Invocations
  6166 | D:6      | Killed Edmund
  6417 | D:7      | Reached skill level 7 in Fighting
  6417 | D:7      | Reached skill level 1 in Stealth
  6525 | D:7      | Noticed Pikel
  6545 | D:7      | Killed Pikel
  6704 | D:7      | Reached XP level 10. HP: 77/77 MP: 12/12
  6908 | D:7      | Noticed an oklob plant
  7025 | D:7      | Reached XP level 11. HP: 82/82 MP: 13/13
  7026 | D:7      | Reached skill level 10 in Dodging
  7026 | D:7      | Reached XP level 12. HP: 90/90 MP: 14/14
  7315 | D:8      | Noticed a two-headed ogre
  7318 | D:8      | Killed a two-headed ogre
  7535 | D:8      | Reached skill level 8 in Fighting
  7712 | D:8      | Reached **** piety under Hepliaklqana
  7714 | D:8      | Noticed a two-headed ogre
  7727 | D:8      | Killed a two-headed ogre
  7882 | D:8      | Reached skill level 5 in Invocations
  8001 | D:3      | Bought a scroll of butterflies for 40 gold pieces
  8001 | D:3      | Bought a scroll of identify for 20 gold pieces
  8001 | D:3      | Bought a scroll of identify for 20 gold pieces
  8001 | D:3      | Bought a scroll of immolation for 40 gold pieces
  8001 | D:3      | Bought a scroll of identify for 20 gold pieces
  8090 | D:9      | Noticed Harold
  8518 | D:9      | Noticed a two-headed ogre
  8533 | D:9      | Killed a two-headed ogre
  8631 | D:9      | Noticed a death knight
  8631 | D:9      | Noticed a centaur warrior
  8631 | D:9      | Noticed a rakshasa
  8631 | D:9      | Noticed a boulder beetle
  8775 | D:9      | Killed a boulder beetle
  8884 | D:9      | Killed a death knight
  8896 | D:9      | Killed a rakshasa
  9009 | D:9      | Killed a centaur warrior
  9010 | D:9      | Reached skill level 9 in Fighting
  9023 | D:9      | Found a shadowy altar of Dithmenos.
  9024 | D:9      | Found a hide-covered altar of Uskayaw.
  9406 | D:9      | Killed Harold
  9440 | D:10     | Entered Level 10 of the Dungeon
  9544 | D:10     | Noticed a two-headed ogre
  9546 | D:10     | Killed a two-headed ogre
  9572 | D:10     | Reached skill level 5 in Evocations
  9627 | D:10     | Reached XP level 13. HP: 91/99 MP: 14/17
 10042 | D:10     | Found a staircase to the Lair.
 10083 | D:10     | Reached skill level 10 in Fighting
 10251 | D:10     | Found a sparkling altar of Nemelex Xobeh.
 10252 | D:10     | Found an ornate altar of the Wu Jian Council.
 10258 | D:10     | Found an iron altar of Okawaru.
 10261 | D:10     | Found a stormy altar of Qazlal.
 10263 | D:10     | Found a bloodstained altar of Trog.
 10268 | D:10     | Found a broken altar of Ashenzari.
 10377 | Lair:1   | Entered Level 1 of the Lair of Beasts
 10429 | Lair:1   | Found a gate leading to a gauntlet.
 10439 | Gauntlet | Entered a Gauntlet
 10439 | Gauntlet | Found a transporter.
 10439 | Gauntlet | Found a large runed translucent door.
 10439 | Gauntlet | Found a large runed translucent door.
 10439 | Gauntlet | Found a large runed translucent door.
 10439 | Gauntlet | Found a large runed translucent door.
 10439 | Gauntlet | Found a large runed translucent door.
 10439 | Gauntlet | Found a large runed translucent door.
 10439 | Gauntlet | Found a runed translucent door.
 10439 | Gauntlet | Found a runed translucent door.
 10439 | Gauntlet | Found a large runed translucent door.
 10439 | Gauntlet | Found a large runed translucent door.
 10439 | Gauntlet | Found a large runed translucent door.
 10439 | Gauntlet | Found a large runed translucent door.
 10439 | Gauntlet | Found a large runed translucent door.
 10439 | Gauntlet | Found a large runed translucent door.
 10440 | Gauntlet | Found a large runed translucent door.
 10440 | Gauntlet | Found a large runed translucent door.
 10440 | Gauntlet | Found a large runed translucent door.
 10440 | Gauntlet | Found a large runed translucent door.
 10448 | Gauntlet | Found a transporter.
 10448 | Gauntlet | Found a runed translucent gate.
 10448 | Gauntlet | Found a runed translucent gate.
 10448 | Gauntlet | Found a runed translucent gate.
 10450 | Gauntlet | Found a transporter.
 10453 | Gauntlet | Found a transporter.
 10454 | Gauntlet | Found a transporter.
 10457 | Gauntlet | Found a transporter.
 10462 | Gauntlet | Found a transporter.
 10463 | Gauntlet | Found a transporter.
 10478 | Gauntlet | Found a transporter.
 10500 | Gauntlet | Found a transporter.
 10502 | Gauntlet | Found a transporter.
 10510 | Gauntlet | Found a transporter.
 10721 | Gauntlet | Identified the amulet "Gerysot" {RegenMP Dex-5 Slay+6}
 10841 | Gauntlet | Identified the +6 shortbow of Uncomfortable Rashes
                  | {antimagic, Drain *Slow rElec Dex+7}
 10841 | Gauntlet | Identified the +10 crystal plate armour of Eternal
                  | Vigilance {Harm rPois MP+9 Int-4}
 10841 | Gauntlet | Noticed a minotaur
 10863 | Gauntlet | Killed a minotaur
 10881 | Gauntlet | Got the Lessons on the Overhead Coals
 10963 | Lair:1   | Reached ***** piety under Hepliaklqana
 11002 | Lair:1   | Noticed Amaemon
 11010 | Lair:1   | Killed Amaemon
 11932 | Lair:1   | Identified the +1 robe of Fanaticism {rF+ rN+ rCorr}
 12064 | Lair:2   | Reached skill level 15 in Ranged Weapons
 12429 | Lair:2   | Found a frozen archway.
 12444 | IceCv    | Entered an ice cave
 12907 | Lair:3   | Found a staircase to the Snake Pit.
 13639 | Lair:3   | Identified the +10 plate armour of the Ward {Harm Drain
                  | rN++ Regen+}
 13644 | Lair:3   | Identified 2 scrolls of acquirement
 13646 | Lair:3   | Acquired the +5 cloak of Darkness {Dex+5}
 13657 | Lair:3   | Acquired the +8 longbow "Killer Klown's Peril" {drain,
                  | rPois rC+++ Int+3 Stlth-}
 13751 | Lair:3   | Found a staircase to the Shoals.
 13896 | Lair:3   | Identified the +0 chain mail of the Kissing Gods {rPois
                  | Int+3}
 14040 | Lair:3   | Gained mutation: Your tail ends in a venomous barb. [Green
                  | Draconian growth]
 14040 | Lair:3   | Reached XP level 14. HP: 94/108 MP: 18/18
 14199 | Lair:4   | Found a runed translucent gate.
 14199 | Lair:4   | Found a runed translucent gate.
 14199 | Lair:4   | Found a runed translucent gate.
 14250 | Lair:4   | Reached ****** piety under Hepliaklqana
 14874 | Lair:4   | Noticed Zeopreu's ghost (journeyman DsGl)
 14953 | Lair:5   | Entered Level 5 of the Lair of Beasts
 15519 | Lair:5   | Found a viscous altar of Jiyva.
 15520 | Lair:5   | Found a staircase to the Slime Pits.
 15901 | D:11     | Noticed Fannar
 15906 | D:11     | Killed Fannar
 15941 | D:11     | Identified the +11 hand axe "Ynemp" {antimagic, rElec rF+
                  | rC++ Will+}
 16505 | D:12     | Reached skill level 11 in Fighting
 16944 | D:12     | Found a staircase to the Orcish Mines.
 16965 | Orc:1    | Entered Level 1 of the Orcish Mines
 17128 | Orc:2    | Entered Level 2 of the Orcish Mines
 17170 | Orc:2    | Reached skill level 12 in Fighting
 17347 | Orc:2    | Paralysed by an orc sorcerer for 2 turns
 17663 | Orc:2    | Found Cezac's Weapon Shop.
 17709 | Orc:2    | Found a staircase to the Elven Halls.
 17813 | Orc:2    | Found Inaceano's Armour Shoppe.
 17813 | Orc:2    | Found Bampik's Jewellery Emporium.
 17814 | Orc:2    | Found Pudoatom's Magic Scroll Emporium.
 17818 | Orc:2    | Found Hoasuokk's Book Shoppe.
 18028 | D:13     | Reached XP level 15. HP: 109/118 MP: 21/21
 18114 | D:13     | Noticed a sphinx
 18353 | D:13     | Found a gate to the Vaults.
 18419 | D:13     | Found a transporter.
 18445 | D:13     | Found a radiant altar of Vehumet.
 18836 | D:14     | Found a shadowy altar of Dithmenos.
 19032 | D:14     | Identified the +1 quarterstaff of the Destroying Gods
                  | {antimagic, Dex+5}
 19117 | D:14     | Noticed Lodul
 19120 | D:14     | Killed Lodul
 19481 | D:15     | Entered Level 15 of the Dungeon
 19504 | D:15     | Noticed Agnes
 19513 | D:15     | Killed Agnes
 19620 | D:15     | Reached skill level 13 in Fighting
 19652 | D:15     | Noticed Azrael
 19679 | D:15     | Killed Azrael
 19792 | D:15     | Noticed Kirke
 19799 | D:15     | Killed Kirke
 19826 | D:15     | Found Nivuuge's Antique Weapon Shoppe.
 20099 | D:15     | Found a staircase to the Depths.
 20159 | D:15     | Found a runed translucent gate.
 20159 | D:15     | Found a runed translucent gate.
 20159 | D:15     | Found a runed translucent gate.
 20159 | D:15     | Noticed Reshi88's ghost (journeyman SpEn)
 20159 | D:15     | Noticed an azure jelly
 20159 | D:15     | Noticed a rockslime
 20159 | D:15     | Noticed an azure jelly
 20316 | D:15     | Found a viscous altar of Jiyva.
 20784 | Snake:1  | Entered Level 1 of the Snake Pit
 21069 | Snake:1  | Noticed Frances
 21086 | Snake:1  | Killed Frances
 21317 | Snake:1  | Reached XP level 16. HP: 128/128 MP: 22/22
 21497 | Snake:1  | Identified the +0 kite shield of Tuupt {rC- Str+3 Dex+4
                  | Slay+2}
 21497 | Snake:1  | Noticed Asterion
 21503 | Snake:1  | Killed Asterion
 21596 | Snake:1  | Identified the +10 spear of Anger {freeze, rC- rN+++ Int+2
                  | SInv}
 23023 | Snake:3  | Identified the +5 rapier of Weak Valiance {venom, *Noise
                  | rPois rF+}
 23438 | Snake:4  | Entered Level 4 of the Snake Pit
 23501 | Snake:4  | Noticed Mara
 23521 | Snake:4  | Noticed aesen's illusion
 23895 | Snake:4  | Noticed aesen's illusion
 23912 | Snake:4  | Killed Mara
 24110 | Snake:4  | Reached skill level 14 in Fighting
 25065 | Snake:4  | Reached XP level 17. HP: 104/136 MP: 23/23
 25090 | Snake:4  | Identified the +2 robe of Salvation {Drain Int+2 Dex+5
                  | SInv}
 25127 | Snake:4  | Identified the staff of cold "Emmuk" {rElec rC+ rN+++ rCorr
                  | MP-9}
 25148 | Snake:4  | Identified the +9 shortbow of aesen's Sudden Death {elec,
                  | rC++ Will+}
 25246 | Snake:4  | Reached skill level 15 in Dodging
 25434 | Snake:4  | Noticed a quicksilver dragon
 25436 | Snake:4  | Noticed a quicksilver dragon
 25636 | Snake:4  | Killed a quicksilver dragon
 25652 | Snake:4  | Killed a quicksilver dragon
 25789 | Snake:4  | Got a serpentine rune of Zot
 25957 | Shoals:1 | Entered Level 1 of the Shoals
 26290 | Shoals:1 | Found a transporter.
 26293 | Shoals:1 | Noticed mopl's ghost (journeyman DEEn)
 26486 | Shoals:1 | Found a transporter.
 26725 | Shoals:1 | Killed mopl's ghost
 26734 | Shoals:1 | Identified the +1 hat "Udwemech" {Will++ Dex+3 Stlth+}
 27729 | Shoals:3 | Noticed Ilsuiw
 27885 | Shoals:3 | Killed Ilsuiw
 28468 | Shoals:4 | Entered Level 4 of the Shoals
 28502 | Shoals:4 | Identified the +3 glaive of the Mind {drain, Will++ Int-4}
 28619 | Shoals:4 | Reached XP level 18. HP: 138/144 MP: 24/24
 28830 | Shoals:4 | Got a barnacled rune of Zot
 29688 | Orc:2    | Bought a scroll of fog for 60 gold pieces
 29688 | Orc:2    | Bought a scroll of enchant weapon for 112 gold pieces
 29688 | Orc:2    | Bought a scroll of immolation for 60 gold pieces
 29688 | Orc:2    | Bought a scroll of blinking for 112 gold pieces
 29690 | Orc:2    | Bought the +0 pair of boots "Fosulato" {rF- MP+9 Dex+3
                  | SInv} for 508 gold pieces
 29729 | Elf:1    | Entered Level 1 of the Elven Halls
 29758 | Elf:1    | Learned a level 2 spell: Passwall
 29761 | Elf:1    | Found Are Own's Vocational Training.
 29811 | Elf:1    | Found a magical portal.
 29880 | WizLab   | Entered Iskenderun's Mystic Tower
 30044 | Elf:1    | Reached skill level 15 in Fighting
 30316 | Elf:1    | Got the Dissertation on Unified Damage
 30337 | Elf:1    | Reached skill level 16 in Fighting
 30538 | Elf:1    | Bought a manual of Evocations for 960 gold pieces
 30698 | Elf:2    | Paralysed by an air elemental for 1 turns
 30882 | Vaults:1 | Entered Level 1 of the Vaults
 30901 | Vaults:1 | Reached skill level 10 in Evocations
 31154 | Vaults:1 | Reached skill level 10 in Invocations
 31440 | Vaults:1 | Reached XP level 19. HP: 154/154 MP: 26/26
 32016 | Vaults:1 | Identified the +1 spear of Xaedd {antimagic, Str+3 Dex+7}
 32063 | Vaults:1 | Identified the +4 spear of Gosem {holy, *Rage rElec rN+
                  | Dex+2}
 32525 | Vaults:2 | Reached skill level 17 in Fighting
 32600 | Vaults:2 | Found Vytason's Antique Weapon Shoppe.
 33155 | Vaults:2 | Reached skill level 18 in Fighting
 33858 | Vaults:3 | Found a staircase to the Crypt.
 33979 | Vaults:3 | Reached skill level 19 in Fighting
 34088 | Vaults:3 | Got the Almanac of Limned Modification
 34127 | Vaults:3 | Found Reqaepre's Assorted Antiques.
 34132 | Vaults:3 | Bought a faintly glowing platinum ring for 220 gold pieces
 34132 | Vaults:3 | Identified the ring "Niucsani" {rC+ Int+6 Dex+4} (You
                  | bought it in a shop on level 3 of the Vaults)
 34553 | Vaults:4 | Reached XP level 20. HP: 171/171 MP: 27/27
 34872 | Vaults:4 | Found Qikigh's Antique Weapon Emporium.
 34981 | Vaults:4 | Found the -2 hat of the Alchemist {rElec rPois rF+ rC+ rN+
                  | Will+ rMut rCorr}
 35044 | Vaults:4 | Reached skill level 20 in Fighting
 35260 | Vaults:4 | Identified the +3 falchion of Mesysev {speed, MP+9 Str+2
                  | Int+2}
 36986 | Abyss:3  | Cast into level 3 of the Abyss (+1 mace of distortion)
 37077 | Abyss:3  | Gained mutation: You have a somewhat thin skeletal
                  | structure. (Dex +2, Stealth+) [a neqoxec]
 37270 | Abyss:3  | Reached skill level 15 in Evocations
 37354 | Elf:2    | Escaped the Abyss
 37370 | Elf:2    | Found a runed translucent gate.
 37370 | Elf:2    | Found a runed translucent gate.
 37371 | Elf:2    | Found a runed translucent gate.
 37483 | Elf:2    | Paralysed by an air elemental for 1 turns
 37533 | Elf:3    | Entered Level 3 of the Elven Halls
 37537 | Elf:3    | Identified the ring "Zoacaqua" {Will+ Dex+6 SInv}
 38076 | Elf:3    | Got the Atlas of the Well-Known Spines
 38087 | Elf:3    | Got the Parchment of Wildfire
 38098 | Elf:3    | Got the Octavo of Anemomancy
 38303 | Elf:3    | Reached skill level 21 in Fighting
 38338 | Elf:3    | Reached XP level 21. HP: 141/185 MP: 28/28
 38477 | Elf:3    | Reached skill level 22 in Fighting
 38808 | Elf:3    | Found the +12 pair of quick blades "Gyre" and "Gimble"
                  | {protect}
 38809 | Elf:3    | Identified the +10 falchion of the Wraith {spect, rCorr
                  | Dex+3}
 38847 | Elf:3    | Identified the +8 scimitar of Vyant {freeze, *Slow Fly rN++
                  | Str-3}
 38902 | Elf:3    | Identified the ring of Litheiff {Wiz rF- Dex+8 Slay+3}
 38932 | Elf:3    | Identified the +6 spear of Cruel Justice {flame, rF+ Int+2
                  | Dex+2}
 38933 | Elf:3    | Identified the +7 trident of aesen's Evisceration {freeze,
                  | Will+ Int+3}
 38934 | Elf:3    | Identified the ring of Mizxes {rF+ Int+2 Dex+2}
 38941 | Elf:3    | Identified the ring "Cuqaid" {rN+ MP+9 SInv}
 38944 | Elf:3    | Identified the amulet "Hasaan" {Spirit Fly rPois Str+2}
 38962 | Elf:3    | Identified the +8 falchion "Baadufa" {vamp, Int+2}
 39374 | Slime:1  | Entered Level 1 of the Pits of Slime
 39404 | Lair:5   | Reached skill level 23 in Fighting
 39991 | Depths:1 | Entered Level 1 of the Depths
 40219 | Depths:1 | Reached skill level 24 in Fighting
 40256 | Depths:1 | Found a gateway to Hell.
 40534 | Depths:1 | Reached skill level 25 in Fighting
 40706 | Depths:1 | Noticed a juggernaut
 40714 | Depths:1 | Killed a juggernaut
 40909 | Depths:1 | Found a corrupted altar of Lugonu.
 40909 | Depths:1 | Found a one-way gate to the infinite horrors of the Abyss.
 41059 | Depths:2 | Noticed a golden dragon
 41098 | Depths:2 | Killed a golden dragon
 41114 | Depths:2 | Reached skill level 26 in Fighting
 41160 | Depths:2 | Noticed a juggernaut
 41172 | Depths:2 | Killed a juggernaut
 41172 | Depths:2 | Noticed a juggernaut
 41178 | Depths:2 | Killed a juggernaut
 41575 | Depths:2 | Reached skill level 27 in Fighting
 41699 | Depths:2 | Reached XP level 22. HP: 209/209 MP: 29/29
 41786 | Depths:2 | Found a one-way gate leading to the halls of Pandemonium.
 42216 | Depths:3 | Found a one-way gateway to a ziggurat.
 42464 | Depths:3 | Identified the +1 ring mail of the Sparrow {Dex+3}
 42489 | Depths:3 | Noticed a juggernaut
 42503 | Depths:3 | Killed a juggernaut
 42697 | Depths:3 | Found the +1 cloak of Starlight {*Dazzle EV+4 Stlth--}
 43050 | Depths:3 | Identified the +5 hand axe "Zeladasm" {freeze, rElec}
 43245 | Depths:4 | Entered Level 4 of the Depths
 43773 | Depths:4 | Found a stormy altar of Qazlal.
 44293 | Elf:1    | Bought a manual of Invocations for 960 gold pieces
 44727 | Depths:4 | Found an ornate altar of the Wu Jian Council.
 44805 | Depths:4 | Found a gate to the Realm of Zot.
 45443 | Vaults:5 | Entered Level 5 of the Vaults
 45691 | Vaults:5 | Got a silver rune of Zot
 45708 | Vaults:5 | Reached skill level 15 in Invocations
 45786 | Vaults:5 | Reached XP level 23. HP: 216/216 MP: 34/34
 45887 | Vaults:5 | Identified the +4 arbalest "Riadeu" {drain, rPois rF+
                  | Dex-4}
 46217 | Vaults:5 | Noticed a dread lich
 46227 | Vaults:5 | Killed a dread lich
 46270 | Vaults:5 | Noticed Frederick
 46273 | Vaults:5 | Killed Frederick
 46468 | Vaults:5 | Identified the +6 spear of the Wheel {heavy, +Blink rF+
                  | Stlth+}
 46517 | Vaults:5 | Identified the staff of fire "Afuazxai" {rElec rF+ rC+
                  | Int+3}
 46638 | Vaults:5 | Noticed a dread lich
 46643 | Vaults:5 | Killed a dread lich
 46782 | Vaults:5 | Identified the +9 rapier "Zoeg" {vamp, *Corrode Str+9
                  | Dex+3}
 47474 | Zot:1    | Entered Level 1 of the Realm of Zot
 47996 | Zot:2    | Reached XP level 24. HP: 224/224 MP: 35/35
 48400 | Zot:5    | Entered Level 5 of the Realm of Zot
 48706 | Zot:5    | Noticed an orb of fire
 48714 | Zot:5    | Gained mutation: You are weak. (Str -2) [an orb of fire]
 48724 | Zot:5    | Killed an orb of fire
 48838 | Zot:5    | Noticed an orb of fire
 48843 | Zot:5    | Killed an orb of fire
 48904 | Zot:5    | Noticed an orb of fire
 48905 | Zot:5    | Noticed an orb of fire
 48913 | Zot:5    | Killed an orb of fire
 48917 | Zot:5    | Killed an orb of fire
 48926 | Zot:5    | Noticed an orb of fire
 48934 | Zot:5    | Killed an orb of fire
 48940 | Zot:5    | Noticed an orb of fire
 48942 | Zot:5    | Killed an orb of fire
 48965 | Zot:5    | Noticed a Killer Klown
 48979 | Zot:5    | Killed a Killer Klown
 49028 | Zot:5    | Noticed a dread lich
 49034 | Zot:5    | Killed a dread lich
 49034 | Zot:5    | Noticed a dread lich
 49036 | Zot:5    | Noticed a dread lich
 49050 | Zot:5    | Killed a dread lich
 49058 | Zot:5    | Killed a dread lich
 49196 | Zot:5    | Reached XP level 25. HP: 132/231 MP: 37/37
 49279 | Zot:5    | Got the Orb of Zot
 49758 | D:6      | Noticed Debboagg the pandemonium lord
 49878 | D:$      | Escaped with the Orb!

Illustrated notes

Levels and vault maps discovered:
D:1:      saegor_arrival_simple_c, layout_loops_ring, minmay_distorted
D:2:      layout_basic
D:3:      layout_basic, mainiacjoe_overflow_boulevard,
          mainiacjoe_overflow_paths, nicolae_overflow_ecumenical_swirl,
          hellmonk_ecumenical_altar_heavens_door, serial_shops,
          nicolae_shop_crystal, shop, shop, uniq_grinder
D:4:      layout_basic, nicolae_ru_path_of_blood, kennysheep_little_box,
          mainiacjoe_overflow_two_lobes, minmay_temple_entry_sparse_star,
          minmay_misc_feat_rugged, minmay_bent, uniq_sigmund, uniq_natasha
D:5:      minmay_recursive_quarters, layout_cave_pools, elyvilon_altar_5,
          kennysheep_opposing_triangles
D:6:      layout_basic, serial_co_window_serial, co_window_of_opportunity_a,
          co_window_paths_b, co_window_paths_a, co_window_paths_a,
          co_window_paths_a, co_window_corner_b, co_window_corner_ca,
          co_window_broadway_a, co_window_of_opportunity_b,
          co_window_broadway_c, co_window_corner_ca, co_window_paths_c,
          co_window_4corner_a, glass_columns_c, glass_columns_b,
          glass_columns_a, uniq_maggie, uniq_edmund
D:7:      lemuel_slime, layout_loops_ring, chequers_jeans, uniq_pikel
D:8:      layout_gridville, dreamdust_mushroom_princess,
          chequers_serial_rivers_micro_a
D:9:      layout_basic, mainiacjoe_overflow_divided_tiny, minivault_25_ag,
          minmay_misc_feat_nine_boxes, uniq_harold
D:10:     layout_loops_ring, nicolae_overflow_hallway_of_the_gods,
          david_lair_shrubbed, minmay_misc_feat_alley
D:11:     layout_irregular_city, uniq_fannar
D:12:     layout_basic, hiddenorc1_lemuel
D:13:     gammafunk_sealed_library, layout_basic, david_vaults_2, minivault_14
D:14:     layout_irregular_city, grunt_dithmenos_smoke_and_mirrors, uniq_lodul
D:15:     gammafunk_enter_depths_forms, layout_rooms, reono_crystal_passage,
          serial_shops, shop, gammafunk_ghost_ooze, uniq_azrael, uniq_kirke,
          uniq_agnes
Temple:   nicolae_temple_superstar
Lair:1:   layout_layer_cave, gauntlet_entry_generic,
          nicolae_quartered_pool_medium, chequers_serial_rivers_marsh,
          infiniplex_staircase_pool, uniq_amaemon
Lair:2:   layout_chaotic_city, portal_ice_cave_entry_pillars_1,
          serial_bayou_shore_b, grunt_megastairs_2
Lair:3:   dreamdust_isle_of_ice, layout_cave_shapes, minmay_shoals_entry_beasts,
          dummy_snake_entry, minmay_lindwurm_lava, serial_bayou_shore_b
Lair:4:   layout_cave_pods, gammafunk_ghost_icy, lemuel_fruit_fields
Lair:5:   due_jungle_book, layout_regular_city, slime_entry_1,
          grunt_megastairs_3
Shoals:1: layout_shoals, gammafunk_ghost_berserking_beasts
Shoals:2: layout_shoals, nicolae_shoals_lost_giant_baths
Shoals:3: layout_shoals, uniq_ilsuiw
Shoals:4: shoals_end_grunt_ice, layout_shoals, shoals_ilsuiw_ice
Snake:1:  layout_chambers, uniq_frances, uniq_asterion
Snake:2:  layout_onion_interference
Snake:3:  layout_rooms, nicolae_snake_shapes
Snake:4:  hellmonk_snake_rune_quicksilver_temple, layout_basic,
          serial_bayou_pond_e, nicolae_snake_storage_room, uniq_mara
Slime:1:  layout_caves
Slime:2:  layout_caves
Orc:1:    layout_caves, uniq_snorg
Orc:2:    st_orc_mages, layout_caves, serial_shops,
          nicolae_shop_bloodbath_and_beyond
Elf:1:    elf_arrival_001, layout_gridlike, mu_enter_wizlab_1,
          minmay_elf_sorcery, nicolae_shop_vocational
Elf:2:    elven_hall_of_blades_hangedman_original [mumra_blade_entry_bloodbath],
          layout_geoelf_grid, portal_desolation_entry_twin_temple,
          uniq_saint_roka
Elf:3:    minmay_elf_hall, layout_geoelf_grid, nicolae_elf_elemental_lessons
Vaults:1: nicolae_vaults_weapon_check, nicolae_vaults_statue_guard, v_misc_1,
          nicolae_vaults_tetromino_L_2, vaults_mumra_minichess,
          nicolae_vaults_mini_display_case, nicolae_vaults_tetromino_T_2,
          layout_vaults_omnigrid
Vaults:2: ontoclasm_vaults_hangar, v_pattern_4, v_alt_pattern_5,
          vaults_room_guarded_vault, nicolae_vaults_storage_closets_1,
          vaults_standard_mumra_x, nicolae_vaults_turnstiles,
          nicolae_vaults_network_quincunx
          [nicolae_vaults_network_quincunx_subvault,
          nicolae_vaults_network_quincunx_subvault,
          nicolae_vaults_network_quincunx_subvault,
          nicolae_vaults_network_quincunx_subvault,
          nicolae_vaults_network_quincunx_subvault], vaults_room_pools,
          vaults_room_semicircle, nicolae_vaults_double_plus_1,
          layout_vaults_omnicross, serial_shops, nicolae_shop_rolling_square
Vaults:3: nicolae_vaults_offset_grid_hallway_4,
          minmay_crypt_entry_simple_corners, v_misc_8, st_smaller_cells,
          hangedman_vaults_corner_blocks, v_misc_18, vaults_room_semicircle,
          nicolae_vaults_trapezoid_4, v_misc_14, v_misc_2, v_alt_pattern_1,
          v_rooms_5, nicolae_vaults_tetromino_Z_1, vaults_room_door_ring,
          ontoclasm_vaults_eye, nicolae_vaults_variable_pillar_hall,
          grunt_vaults_focal, layout_vaults_maze_bifur, serial_shops,
          nicolae_shop_hallway_stairs
Vaults:4: vaults_mumra_hexcomb, st_cross, nicolae_vaults_six-pack, v_pattern_1,
          nicolae_vaults_offset_grid_hallway_1, ontoclasm_vaults_ring_square,
          nicolae_vaults_three_branches, nicolae_vaults_big_ls,
          nicolae_vaults_storage_room_glass, grunt_vaults_hallway_short,
          layout_vaults_chaotic_city, serial_shops, shop
Vaults:5: uniq_frederick
Depths:1: minmay_textured_paths, layout_gridlike, abyss_entry_flame_altar,
          minmay_misc_feat_enclosed, grunt_metal_band, st_stairs_9,
          patterned_corridor
Depths:2: minmay_strange_plus, layout_gridlike, pf_vacation_house_of_asmodeus,
          serial_sigils_hangedman_leer, grunt_pan_entry_zigzag, abyss_entry
Depths:3: minmay_chopped_fan, layout_gridlike, enter_ziggurat_d, serial_bayou,
          serial_bayou_lake_a, serial_bayou_lagoon_a, serial_bayou_shore_b,
          serial_bayou_shore_b, pf_coc_iceberg, abyss_entry,
          serial_sigils_hangedman_confine, drop_trap
Depths:4: grunt_zot_entry_funnels, layout_honeycomb,
          nicolae_qazlal_style_of_elements, abyss_entry, hell_entry,
          nzn_wu_jian_contemplation
Zot:1:    layout_onion_interference
Zot:2:    layout_misc_corridors, hangedman_zot_spectrum
Zot:3:    layout_basic
Zot:4:    layout_onion, nicolae_lava_and_water
Zot:5:    layout_basic

Skill      XL: |  1  2  3  4  5  6  7  8  9 10 11 12 13 14 15 16 17 18 19 20 21 22 23 24 |
---------------+-------------------------------------------------------------------------+-----
Fighting       | 2 3 4 5 7 9 10 12 13 14 16 19 21 27 | 27.0
Ranged Weapons | 1 2 3 4 6 8 9 13 14 15 16 18 19 20 22 23 | 23.0
Short Blades   | 1 2 |  2.0
Throwing       | 1 2 |  2.0
Dodging        | 3 5 6 10 11 12 13 14 16 18 19 20 22 23 | 23.7
Invocations    | 3 6 8 9 10 15 16 20 | 20.0
Stealth        | 2 |  2.0
Evocations     | 4 6 8 9 10 16 | 16.0

Action                     |  1- 3 |  4- 6 |  7- 9 | 10-12 | 13-15 | 16-18 | 19-21 | 22-24 | 25-27 || total
---------------------------+-------+-------+-------+-------+-------+-------+-------+-------+-------++-------
  Melee: Club              |    11 |       |       |       |       |       |       |       |       ||    11
         Tailslap          |     5 |     3 |    11 |       |       |       |       |       |       ||    19
         Hand axe          |    28 |     9 |       |       |       |       |       |       |       ||    37
         Dagger            |       |    18 |    51 |     6 |       |       |       |       |       ||    75
   Fire: Sling             |    99 |   121 |   389 |   144 |       |       |       |       |       ||   753
         Shortbow          |       |       |       |   146 |   436 |       |       |       |       ||   582
         Orcbow            |       |       |       |   113 |    77 |       |       |       |       ||   190
         Longbow           |       |       |       |       |   856 |  1414 |  1435 |  1257 |    42 ||  5004
  Throw: Stone             |     3 |       |       |       |       |       |       |       |       ||     3
         Dart              |       |     9 |       |       |     1 |       |       |       |       ||    10
         Throwing net      |       |       |       |       |     4 |     2 |       |       |       ||     6
   Cast: Passwall          |       |       |       |       |       |     1 |       |       |       ||     1
 Invoke: Recall Ancestor   |       |       |     5 |     2 |     7 |     7 |    13 |     9 |     3 ||    46
         Ancestor Life: Kn |       |       |     1 |       |       |       |       |       |       ||     1
         Transference      |       |       |       |     1 |     2 |     4 |       |       |       ||     7
         Idealise          |       |       |       |       |     1 |     3 |     2 |     3 |       ||     9
Ability: Breathe Noxious F |       |       |     5 |    18 |    34 |    14 |     8 |     8 |       ||    87
  Evoke: Wand              |     7 |     6 |     2 |       |    13 |       |     5 |    18 |       ||    51
         Condenser vane    |       |       |       |       |     2 |     2 |     1 |       |       ||     5
         Lightning rod     |       |       |       |       |       |     4 |       |       |       ||     4
         Phantom mirror    |       |       |       |       |       |       |     1 |       |       ||     1
    Use: Scroll            |     4 |     2 |     3 |     9 |    17 |     9 |     6 |    16 |     1 ||    67
         Potion            |       |     2 |       |     2 |       |     1 |     2 |     4 |       ||    11
   Stab: Invisible         |       |     1 |       |       |       |       |       |       |       ||     1
         Sleeping          |       |       |     1 |       |       |       |       |       |       ||     1
 Armour: Skin              |    23 |    22 |    42 |    18 |    60 |    65 |    41 |    42 |     1 ||   314
  Dodge: Dodged            |    49 |    50 |    76 |    79 |   200 |   359 |   329 |   593 |    37 ||  1772

Table legend: (Time is in decaauts)
 A = Elapsed time spent in this place.
 B = Non-inter-level travel time spent in this place.
 C = Inter-level travel time spent in this place.
 D = Time resting spent in this place.
 E = Time spent auto-exploring this place.
 F = Levels seen in this place.
 G = Mean time per level.
                   A        B        C        D        E       F      G
               +--------+--------+--------+--------+--------+-----+--------+
         Total |  48653 |  41501 |   7152 |   3091 |  26808 |  54 |  901.0 |
       Dungeon |  15595 |  12801 |   2794 |    830 |   8573 |  15 | 1039.7 |
        Temple |    131 |    114 |     17 |      0 |    106 |   1 |  131.0 |
          Lair |   5749 |   4773 |    976 |    296 |   3266 |   5 | 1149.8 |
        Shoals |   3397 |   3209 |    188 |    113 |   2400 |   4 |  849.2 |
     Snake Pit |   4484 |   4094 |    390 |    354 |   2779 |   4 | 1121.0 |
    Slime Pits |    218 |    207 |     11 |      0 |    116 |   2 |  109.0 |
  Orcish Mines |   1448 |    986 |    462 |    243 |    471 |   2 |  724.0 |
   Elven Halls |   2990 |   2333 |    657 |    117 |   1324 |   3 |  996.7 |
        Vaults |   7102 |   6173 |    929 |    548 |   4043 |   5 | 1420.4 |
        Depths |   4764 |   4092 |    672 |    181 |   3044 |   4 | 1191.0 |
           Zot |   1930 |   1877 |     53 |    247 |    542 |   5 |  386.0 |
         Abyss |    336 |    336 |      0 |      0 |      0 |   1 |  336.0 |
      Ice Cave |     29 |     29 |      0 |      7 |      0 |   1 |   29.0 |
        Wizlab |     32 |     32 |      0 |     12 |      0 |   1 |   32.0 |
      Gauntlet |    441 |    441 |      0 |    139 |    142 |   1 |  441.0 |
               +--------+--------+--------+--------+--------+-----+--------+

Top non-repeatable levels by time:
 Snake:4: 1575 daAuts
Vaults:5: 1574 daAuts
Vaults:1: 1562 daAuts
Vaults:4: 1436 daAuts
     D:6: 1395 daAuts
  Lair:1: 1365 daAuts
Depths:3: 1356 daAuts
  Lair:3: 1355 daAuts
     D:4: 1329 daAuts
     D:9: 1323 daAuts
Vaults:2: 1312 daAuts
 Snake:1: 1256 daAuts
    D:10: 1247 daAuts
   Elf:3: 1242 daAuts
Vaults:3: 1216 daAuts
